 Dungeon Crawl Stone Soup version 0.18.1-48-g4cf74bf (webtiles) character file.

99594 tyranidshit the Fighter (level 15, -26/148 HPs)
             Began as a Deep Dwarf Necromancer on July 9, 2016.
             Was the Champion of Makhleb.
             Annihilated by simples's ghost (40 damage)
             ... on level 1 of the Snake Pit.
             The game lasted 03:48:57 (24399 turns).

tyranidshit the Fighter (Deep Dwarf Necromancer)   Turns: 24399, Time: 03:48:58

Health: -26/148    AC: 20    Str: 16    XL:     15   Next: 78%
Magic:  34/34      EV: 16    Int: 21    God:    Makhleb [******]
Gold:   888        SH: 23    Dex: 15    Spells: 4 memorised, 28 levels left

rFire  . . .     SeeInvis .     i - +8 dagger of the Nexus {drain, rPois}
rCold  + . .     Gourm    .     R - +1 leather armour "Aney" {rN+ Dex+4}
rNeg   + + .     Faith    +     J - +8 large shield of Slovenliness {rPois}
rPois  +         Spirit   .     j - +2 helmet
rElec  .         Dismiss  .     S - +2 cloak
rCorr  .         Reflect  .     d - +1 pair of gloves
SustAt .         Harm     .     m - +1 pair of boots
MR     ++...                    X - amulet of faith
Stlth  ++........               C - ring of Voul {rC+ MP+9 Str+3}
                                y - +6 ring of protection

@: exhausted, non-regenerating, slowed, very slow, very resistant to hostile
enchantments, unstealthy
A: damage resistance, recharge devices, clumsy 1, negative energy resistance 1,
sense surroundings 2, slow regeneration 3
a: Device Recharging, Minor Destruction, Lesser Servant of Makhleb, Major
Destruction, Greater Servant of Makhleb, Renounce Religion


You were on level 1 of the Snake Pit.
You worshipped Makhleb.
Makhleb was exalted by your worship.
You were not hungry.

You visited 5 branches of the dungeon, and saw 27 of its levels.
You also visited: Bailey and Ice Cave.

You collected 2266 gold pieces.
You spent 1378 gold pieces at shops.

Inventory:

Hand Weapons
 i - the +8 dagger of the Nexus (weapon) {drain, rPois}
   (You found it on level 6 of the Dungeon)

   A truly terrible weapon, it drains the life of those it strikes.
   It protects you from poison.
Armour
 d - a +1 pair of gloves (worn)
 j - a +2 helmet (worn)
 m - a +1 pair of boots (worn)
 J - the +8 large shield of Slovenliness (worn) {rPois}
   (You bought it in a shop on level 2 of the Orcish Mines)

   It protects you from poison.
 R - the +1 leather armour "Aney" (worn) {rN+ Dex+4}
   (You found it on level 10 of the Dungeon)

   It affects your dexterity (+4).
   It protects you from negative energy.
 S - a +2 cloak (worn)
Magical Staves
 w - an uncursed staff of wizardry
Jewellery
 y - a +6 ring of protection (left hand)
 C - the ring of Voul (right hand) {rC+ MP+9 Str+3}
   (You bought it in a shop on level 2 of the Orcish Mines)

   [ring of magical power]

   It affects your strength (+3).
   It protects you from cold.
   It affects your magic capacity (+9).
 X - an amulet of faith (around neck)
Wands
 c - a wand of heal wounds (0/9)
 n - a wand of teleportation (3/9)
 p - a wand of paralysis (20/24)
 r - a wand of enslavement (12/24)
 t - a wand of flame (26/48)
 u - a wand of random effects (18/48)
 x - a wand of disintegration (6/24)
 I - a wand of acid (6/15)
 K - a wand of slowing (30/48)
 O - a wand of confusion (34/48)
 U - a wand of polymorph (9/24)
Scrolls
 e - 6 scrolls of amnesia
 f - a scroll of brand weapon
 g - a scroll of remove curse
 k - 6 scrolls of fog
 q - a scroll of silence
 z - a scroll of torment
 F - 4 scrolls of recharging
 G - 3 scrolls of enchant weapon
 L - 3 scrolls of immolation
 N - 5 scrolls of fear
 Q - 4 scrolls of identify
Potions
 a - 2 potions of haste
 h - 5 potions of brilliance
 l - a potion of berserk rage
 o - 7 potions of curing
 s - a potion of resistance
 A - 2 potions of agility
 D - 2 potions of cure mutation
 E - a potion of might
 W - 3 potions of flight
Books
 b - a book of Necromancy

   Spells                             Type                      Level
   a - Pain                           Necromancy                   1
   b - Animate Skeleton               Necromancy                   1
   c - Vampiric Draining              Necromancy                   3
   d - Regeneration                   Charms/Necromancy            3
   e - Animate Dead                   Necromancy                   4
   f - Control Undead                 Necromancy                   4
Miscellaneous
 v - a sack of spiders
 P - a phantom mirror
 V - a plain deck of wonders {Dowsing}
 Y - a plain deck of summoning {the Pentagram}
Comestibles
 B - 6 bread rations
 M - 12 fruits
 T - 5 royal jellies
 Z - 2 meat rations


   Skills:
 + Level 13.4 Fighting
 - Level 4.0 Short Blades
 + Level 11.9 Dodging
 - Level 2.4 Stealth
 - Level 7.1 Shields
 + Level 13.1 Spellcasting
 + Level 12.3 Necromancy
 - Level 9.0 Invocations
 - Level 7.0 Evocations


You had 28 spell levels left.
You knew the following spells:

 Your Spells              Type           Power        Failure   Level  Hunger
a - Pain                  Necr           ####         1%          1    None
b - Vampiric Draining     Necr           ######....   1%          3    None
c - Animate Dead          Necr           N/A          4%          4    None
d - Control Undead        Necr           ######....   4%          4    None


Dungeon Overview and Level Annotations

Branches:
Dungeon (15/15)            Temple (1/1) D:6            Lair (8/8) D:10
  Snake (1/4) Lair:5        Slime (0/6) Lair:6          Orc (2/2) D:10
    Elf (0/3) Orc:2        Vaults (0/5) D:13         Depths (0/5) D:15
  Swamp: Lair:3-6    Shoals: Lair:3-6

Altars:
Ashenzari
Cheibriados
Dithmenos
Elyvilon
Fedhas
Gozag
Kikubaaqudgha
Makhleb
Nemelex Xobeh
Okawaru
Pakellas
Qazlal
Ru
Sif Muna
Trog
Vehumet
Xom
Yredelemnul
Zin
The Shining One
Beogh
Jiyva

Shops:
D:4 [   D:5 }   Orc:2 [(*=

Annotations:
Snake:1 simples's ghost, journeyman TrCK


Innate Abilities, Weirdness & Mutations

You are resistant to damage.
You can recharge devices by infusing magical energy.
You resist negative energy.
You passively map the area around you.
You do not regenerate naturally.
You are clumsy. (Dex -2)


Message History

You miss simples's ghost.
Simples's ghost is severely damaged.
Simples's ghost reminisces, "I miss the gifts and the pranks."
Simples's ghost hits you!!
* * * LOW HITPOINT WARNING * * *
Evoke which item? (* to show all) (? for menu, Esc to quit)
This wand has no charges.
Firing (i - inventory): No suitable missiles.
Press: ? - help, Shift-Dir - straight line, f - simples's ghost
Aim: simples's ghost (severely damaged)
Okay, then.
Casting: Vampiric Draining
Confirm with . or Enter, or press ? or * to list all spells.
Okay, then.
Press: ? - help, Shift-Dir - straight line, f/p - simples's ghost
Aim: simples's ghost (severely damaged)
The sticky flame hits simples's ghost.
Simples's ghost appears unharmed.
Simples's ghost is severely damaged.
You feel somewhat more hungry. Simples's ghost hits you!!!
You die...

, *#...##.####.##... , ,
####...#..# #.#* ....,*
..##.....Z..#####.##,..###
, .....##..######....# ##
,, ...#...## ###.....#, ,
.........# #...#...# * *
,.....#...###.##..### ,
#... #.......##.## * * *,
..., ###...@###.# , N. ,,
#..W.###.# ,, , #
,*#...#.#...# * ,,
.....#.#....##* *, *
,,######.#.[..# * * ,
............# * , *
...##..#....# * , .
#........# * * ,
#...#.####


You could see simples's ghost.

Vanquished Creatures
  An orc warlord (Orc:2)
  An ettin (D:14)
  A vault guard (D:13)
  The ghost of tyranidshit the Reanimator, a journeyman DDNe of Makhleb (Lair:1)
  7 hydras
  An ice dragon (D:14)
  A catoblepas (D:13)
  Erica (D:8)
  A centaur warrior (D:13)
  A death knight (D:14)
  2 orc high priests
  2 tengu warriors (D:14)
  A vampire mage (D:15)
  A queen ant (Lair:1)
  A death yak (Lair:8)
  Urug (D:12)
  Nergalle (Lair:1)
  Sonja (D:12)
  2 skeletal warriors
  3 unseen horrors
  An orange crystal statue (D:12)
  7 hill giants
  2 phantasmal warriors (D:14)
  8 deep elf magi
  7 ugly things
  A mana viper (Snake:1)
  3 orc knights
  2 manticores
  A cyclops (D:15)
  4 griffons
  3 orc sorcerers (Orc:2)
  6 black mambas
  10 elephants
  Psyche (D:9)
  5 spiny frogs
  3 rime drakes
  6 komodo dragons
  2 kobold demonologists
  2 freezing wraiths
  An efreet (D:15)
  8 trolls
  8 polar bears
  A two-headed ogre (D:13)
  Grinder (D:4)
  A boulder beetle (D:15)
  10 blink frogs
  7 slime creatures
  A shadow (D:11)
  A water elemental (D:14)
  2 wraiths
  67 yaks
  4 wyverns
  10 hippogriffs
  3 basilisks (Lair:4)
  3 vampire mosquitoes
  Grum (D:8)
  3 nagas
  4 wargs
  A mottled dragon (D:15)
  10 soldier ants
  A hell hound (Lair:4)
  7 porcupines
  10 water moccasins
  28 orc warriors
  A black bear (D:9)
  3 ice beasts
  A wasp (D:8)
  2 necrophages
  A phantom (D:13)
  A sky beast (D:15)
  An eye of draining (D:9)
  20 wolves
  6 ogres
  9 centaurs
  14 crocodiles
  6 big kobolds
  Blork the orc (D:4)
  7 giant frogs
  3 wyvern skeletons
  9 killer bees
  A scorpion (D:8)
  5 howler monkeys
  2 electric eels (D:14)
  3 centaur zombies
  A quasit (D:10)
  7 crimson imps
  6 centaur skeletons
  4 hounds
  4 jellies
  20 orc priests
  27 orc wizards
  A giant frog skeleton (D:7)
  9 iguanas
  30 worker ants
  A killer bee zombie (D:6)
  4 sheep (Lair:8)
  A giant frog simulacrum (D:13)
  A hound zombie (D:5)
  Robin (D:3)
  A worker ant zombie (D:8)
  5 gnolls
  37 river rats
  19 adders
  4 shadow imps
  12 white imps (Lair:1)
  An adder skeleton (D:5)
  An adder zombie (D:7)
  2 worms
  3 dart slugs
  4 giant geckos
  87 orcs
  6 bats
  8 giant cockroaches
  13 goblins
  7 hobgoblins
  7 jackals
  A quokka (D:7)
  2 ball pythons
  6 giant newts
  24 kobolds
  A quokka skeleton (D:6)
  6 rats
  A butterfly (Lair:2)
769 creatures vanquished.

Vanquished Creatures (collateral kills)
  4 hydras
  2 death knights
  A tengu warrior (D:14)
  A death yak (Lair:8)
  3 skeletal warriors
  A deep elf archer (Bailey)
  A hill giant (D:11)
  A necromancer (D:15)
  A frost giant zombie (D:15)
  8 deep elf magi
  An ugly thing (D:13)
  A cyclops (D:13)
  2 manticores
  6 elephants
  4 spiny frogs
  2 black mambas
  A centaur skeleton (D:14)
  4 rime drakes
  2 komodo dragons
  3 freezing wraiths
  A troll (Orc:1)
  A polar bear (Lair:8)
  A blink frog (Lair:5)
  3 slime creatures (D:14)
  20 yaks
  6 hippogriffs
  3 wyverns (Lair:4)
  A water elemental (D:14)
  A wraith (D:14)
  A basilisk (Lair:4)
  2 vampire mosquitoes (D:14)
  A mottled dragon (D:14)
  A naga (Lair:5)
  2 water moccasins
  5 porcupines
  8 orc warriors
  A black bear (Lair:5)
  An ice beast (D:12)
  An ogre (D:11)
  A centaur (D:14)
  5 crocodiles
  3 wolves (Lair:6)
  6 giant frogs
  3 wights (D:13)
  2 electric eels (D:14)
  A giant frog zombie (D:13)
  A jelly (D:11)
  2 orc priests
  An iguana (Lair:2)
  3 orc wizards
  3 sheep (Lair:8)
  15 river rats
  12 orcs
  3 kobolds (D:13)
  4 bushes
  10 fungi
  14 plants
  2 withered plants (D:15)
200 creatures vanquished.

Vanquished Creatures (others)
  A wolf (IceCv)
  An orc (D:10)
  A jackal (D:10)
  25 fungi
  16 plants
  2 withered plants (D:15)
46 creatures vanquished.

Grand Total: 1015 creatures vanquished

Notes
Turn   | Place    | Note
--------------------------------------------------------------
     0 | D:1      | tyranidshit the Deep Dwarf Necromancer began the quest for the Orb.
     0 | D:1      | Reached XP level 1. HP: 15/15 MP: 3/3
   271 | D:1      | Reached skill level 1 in Fighting
   297 | D:1      | Reached XP level 2. HP: 25/25 MP: 1/5
   521 | D:1      | HP: 1/25 [gnoll/halberd (14)]
   598 | D:1      | Reached XP level 3. HP: 11/32 MP: 0/6
   661 | D:1      | Learned a level 3 spell: Vampiric Draining
  1233 | D:2      | Found a burning altar of Makhleb.
  1239 | D:2      | Became a worshipper of Makhleb the Destroyer
  1256 | D:2      | Reached XP level 4. HP: 39/40 MP: 8/8
  1658 | D:3      | Reached XP level 5. HP: 48/49 MP: 9/9
  1975 | D:3      | Found a basalt altar of Yredelemnul.
  2019 | D:3      | Found a glowing golden altar of the Shining One.
  2081 | D:3      | Noticed Robin
  2084 | D:3      | Reached * piety under Makhleb
  2094 | D:3      | Killed Robin
  2298 | D:4      | Noticed an ogre
  2311 | D:4      | Killed an ogre
  2311 | D:4      | Reached XP level 6. HP: 43/57 MP: 2/11
  2354 | D:4      | Noticed Grinder
  2389 | D:4      | Killed Grinder
  2400 | D:4      | Found a stormy altar of Qazlal.
  2421 | D:4      | Found Umicar's Armour Boutique.
  2439 | D:4      | Bought a +1 ring mail of positive energy for 130 gold pieces
  2491 | D:4      | Reached XP level 7. HP: 42/66 MP: 3/14
  2543 | D:4      | Noticed Blork the orc
  2552 | D:4      | Killed Blork the orc
  2619 | D:4      | Reached ** piety under Makhleb
  2730 | D:4      | Reached skill level 5 in Fighting
  2892 | D:4      | Reached skill level 5 in Spellcasting
  3009 | D:4      | Bought a +0 pair of gloves for 45 gold pieces
  3020 | D:5      | Entered Level 5 of the Dungeon
  3255 | D:5      | Found a shimmering altar of Xom.
  3440 | D:5      | Found Utwuc's Gadget Shoppe.
  3619 | D:5      | Found a shattered altar of Ashenzari.
  3626 | D:5      | Reached *** piety under Makhleb
  3627 | D:5      | Reached XP level 8. HP: 38/76 MP: 12/16
  3932 | D:6      | Found a staircase to the Ecumenical Temple.
  3955 | Temple   | Entered the Ecumenical Temple
  4194 | D:6      | Found an iron altar of Okawaru.
  4428 | D:6      | Reached **** piety under Makhleb
  4585 | D:6      | Got an ichor-stained dagger
  4586 | D:6      | Identified the +8 dagger of the Nexus {drain, rPois} (You found it on level 6 of the Dungeon)
  5049 | D:8      | Reached skill level 5 in Necromancy
  5049 | D:8      | Gained mutation: You passively map the area around you. [Deep Dwarf growth]
  5049 | D:8      | Reached XP level 9. HP: 65/86 MP: 8/18
  5059 | D:8      | Found a sacrificial altar of Ru.
  5099 | D:8      | Noticed Grum
  5100 | D:8      | Noticed a hill giant
  5114 | D:8      | Killed a hill giant
  5132 | D:8      | Reached skill level 5 in Dodging
  5191 | D:8      | Killed Grum
  5402 | D:8      | Noticed Erica
  5422 | D:8      | Killed Erica
  5422 | D:8      | Reached XP level 10. HP: 78/94 MP: 19/19
  5478 | D:8      | Reached ***** piety under Makhleb
  5577 | D:9      | Found a stormy altar of Qazlal.
  5653 | D:9      | Learned a level 4 spell: Animate Dead
  5778 | D:9      | Noticed Psyche
  5793 | D:9      | Killed Psyche
  6476 | D:10     | Entered Level 10 of the Dungeon
  6534 | D:10     | Reached skill level 1 in Evocations
  6635 | D:10     | Found a staircase to the Orcish Mines.
  6825 | D:10     | Found a staircase to the Lair.
  6829 | D:10     | Noticed a deep elf mage
  6877 | D:10     | Killed a deep elf mage
  6877 | D:10     | Reached XP level 11. HP: 92/103 MP: 22/22
  6891 | D:10     | Got a shimmering leather armour
  6943 | D:10     | Reached skill level 5 in Evocations
  6958 | D:10     | Identified the +1 leather armour "Aney" {rN+ Dex+4} (You found it on level 10 of the Dungeon)
  7164 | D:10     | Reached skill level 1 in Short Blades
  7241 | D:10     | Killed an unseen horror
  7351 | D:10     | Reached ****** piety under Makhleb
  7714 | Lair:1   | Entered Level 1 of the Lair of Beasts
  7737 | Lair:1   | Found a frozen archway.
  7847 | IceCv    | Entered an ice cave
  8161 | Lair:1   | Noticed Nergalle
  8227 | D:10     | Learned a level 4 spell: Control Undead
  8268 | Lair:1   | Noticed a queen ant
  8313 | Lair:1   | Killed a queen ant
  8423 | Lair:1   | Reached skill level 10 in Spellcasting
  8654 | Lair:1   | Noticed tyranidshit's ghost (journeyman DDNe)
  8675 | Lair:1   | Reached skill level 10 in Fighting
  8774 | Lair:1   | Killed tyranidshit's ghost
  8774 | Lair:1   | Reached XP level 12. HP: 57/116 MP: 24/24
  9059 | Lair:1   | Noticed a seven-headed hydra
  9078 | Lair:1   | Killed a seven-headed hydra
  9716 | Lair:2   | Reached skill level 10 in Necromancy
 10047 | Lair:3   | Reached skill level 10 in Dodging
 10707 | Lair:4   | Noticed a six-headed hydra
 10711 | Lair:4   | Noticed a seven-headed hydra
 10711 | Lair:4   | Noticed a six-headed hydra
 10718 | Lair:4   | Killed a six-headed hydra
 10719 | Lair:4   | Noticed a seven-headed hydra
 10922 | Lair:4   | Reached XP level 13. HP: 110/123 MP: 2/24
 11551 | Lair:5   | Found a staircase to the Snake Pit.
 12141 | Lair:6   | Found a staircase to the Slime Pits.
 12141 | Lair:6   | Found a viscous altar of Jiyva.
 13334 | Lair:8   | Entered Level 8 of the Lair of Beasts
 13799 | Lair:8   | Gained mutation: You resist negative energy. [Deep Dwarf growth]
 13799 | Lair:8   | Reached XP level 14. HP: 50/139 MP: 13/27
 14488 | Lair:4   | Reached skill level 1 in Invocations
 14978 | Orc:1    | Entered Level 1 of the Orcish Mines
 15486 | Orc:2    | Entered Level 2 of the Orcish Mines
 15549 | Orc:2    | Found a staircase to the Elven Halls.
 15759 | Orc:2    | Reached skill level 5 in Invocations
 15920 | Orc:2    | Found a roughly hewn altar of Beogh.
 16239 | Orc:2    | Found a roughly hewn altar of Beogh.
 16331 | Orc:2    | Found a roughly hewn altar of Beogh.
 16334 | Orc:2    | Noticed an orc warlord
 16635 | Orc:2    | Killed an orc warlord
 16790 | Orc:2    | Found Cifecotim's Jewellery Shop.
 16822 | Orc:2    | Found Hetsigiu's Antique Weapon Shop.
 16876 | Orc:2    | Found Qed Heeff's General Store.
 16891 | Orc:2    | Found Ysushuus's Antique Armour Shop.
 16931 | Orc:2    | Bought the ring of Voul {rC+ MP+9 Str+3} for 685 gold pieces
 17065 | Orc:2    | Bought a smelly ring mail for 252 gold pieces
 17065 | Orc:2    | Bought a faintly glowing large shield for 266 gold pieces
 17075 | Orc:2    | Identified the +1 ring mail of Asejauph {rN+} (You bought it in a shop on level 2 of the Orcish Mines)
 17080 | Orc:2    | Identified the +8 large shield of Slovenliness {rPois} (You bought it in a shop on level 2 of the Orcish Mines)
 17350 | Lair:1   | Killed Nergalle
 17967 | D:11     | Reached skill level 1 in Shields
 18358 | D:11     | Found a flagged portal.
 18372 | Bailey   | Entered a bailey
 18469 | Bailey   | Reached skill level 5 in Shields
 18940 | D:12     | Noticed Sonja
 18948 | D:12     | Noticed Urug
 18961 | D:12     | Killed Urug
 19383 | D:12     | Killed Sonja
 19862 | D:13     | Reached XP level 15. HP: 71/146 MP: 8/26
 20845 | D:13     | Found a gate to the Vaults.
 22389 | D:15     | Entered Level 15 of the Dungeon
 22980 | D:15     | Gained mutation: You are clumsy. (Dex -2) [a neqoxec]
 23017 | D:15     | Found a staircase to the Depths.
 23456 | Snake:1  | Entered Level 1 of the Snake Pit
 23510 | Snake:1  | Noticed simples's ghost (journeyman TrCK)
 24399 | Snake:1  | Annihilated by simples's ghost

Skill      XL: |  1  2  3  4  5  6  7  8  9 10 11 12 13 14 15 |
---------------+----------------------------------------------+-----
Fighting       | 1 2 3 4 5 7 8 10 12 13 | 13.4
Spellcasting   | 2 3 4 5 7 8 10 12 13 | 13.1
Dodging        | 3 7 8 10 11 | 11.9
Necromancy     | 5 8 9 11 12 | 12.3
Evocations     | 4 5 7 |  7.0
Short Blades   | 2 4 |  4.0
Invocations    | 9 |  9.0
Shields        | 7 |  7.1
Stealth        | |  2.4

Action                   |  1- 3 |  4- 6 |  7- 9 | 10-12 | 13-15 || total
-------------------------+-------+-------+-------+-------+-------++-------
Melee: Unarmed           |     8 |       |       |       |       ||     8
       Halberd           |    25 |       |       |       |       ||    25
       Spear             |    21 |    22 |       |       |       ||    43
       War axe           |       |    82 |   208 |       |       ||   290
       Dagger            |       |       |   140 |  1373 |  2899 ||  4412
 Cast: Pain              |    56 |     3 |     1 |     1 |    11 ||    72
       Vampiric Draining |     3 |    13 |    64 |   153 |   325 ||   558
       Animate Dead      |       |       |       |    12 |    78 ||    90
       Control Undead    |       |       |       |     3 |    18 ||    21
Invok: Greater Servant o |       |       |       |       |     2 ||     2
       Major Destruction |       |       |       |       |     3 ||     3
 Abil: Device Recharging |       |       |     1 |     2 |     4 ||     7
Evoke: Wand              |     2 |     4 |     6 |    13 |    24 ||    49
  Use: Potion            |     6 |     1 |     3 |     3 |    15 ||    28
       Scroll            |     6 |     4 |     6 |    16 |    15 ||    47
 Stab: Sleeping          |       |     2 |     3 |     2 |     2 ||     9
       Distracted        |       |       |       |     2 |    11 ||    13
  Eat: Bread ration      |     1 |       |       |       |     8 ||     9
       Royal jelly       |       |     2 |     2 |       |       ||     4
       Meat ration       |       |       |     2 |     3 |     4 ||     9
       Beef jerky        |       |       |     1 |       |     1 ||     2
       Chunk             |       |       |       |     1 |       ||     1
       Pizza             |       |       |       |     2 |       ||     2
Armor: Robe              |    28 |    30 |   220 |   156 |       ||   434
       Ring mail         |       |     6 |       |       |       ||     6
       Leather armour    |       |       |       |   488 |  1118 ||  1606
Dodge: Dodged            |    82 |    77 |   395 |  1727 |  2459 ||  4740
Block: Large shield      |       |       |       |       |  2171 ||  2171
